 Dungeon Crawl Stone Soup version 0.22-a0-407-gb098539 (webtiles) character file.

62484 Gorglomux the Grappler (level 14, -45/148 HPs)
             Began as a Troll Fighter on May 9, 2018.
             Was the Champion of Cheibriados.
             Annihilated by a titanic slime creature (53 damage)
             ... on level 13 of the Dungeon.
             The game lasted 00:17:16 (15016 turns).

Gorglomux the Grappler (Troll Fighter)             Turns: 15016, Time: 00:17:17

Health: -45/148    AC: 12    Str: 45    XL:     14   Next: 64%
Magic:  10/20      EV: 15    Int: 20    God:    Cheibriados [******]
Gold:   1013       SH: 16    Dex: 24    Spells: 13/13 levels left

rFire    + + .     SeeInvis .     - Unarmed
rCold    . . .     Gourm    +   b - +1 shield
rNeg     . . .     Faith    .   K - +0 fire dragon scales
rPois    .         Spirit   .   Y - +1 hat
rElec    .         Reflect  .   (no cloak)
rCorr    .         Harm     .   (gloves unavailable)
MR       +....                  (boots unavailable)
Stlth    ..........             z - amulet of the acrobat
HPRegen  0.74/turn              c - ring of protection from cold
MPRegen  0.17/turn              (no ring)

@: lethally poisoned (-45 -> -45), very slow
A: large, unfitting armour, claws 3, fast metabolism 3, gourmand, regeneration
1, shaggy fur 1, tough skin 2
a: Bend Time, Temporal Distortion, Slouch, Step From Time, Renounce Religion


You were on level 13 of the Dungeon.
You worshipped Cheibriados.
Cheibriados was exalted by your worship.
You were completely stuffed.

You visited 3 branches of the dungeon, and saw 20 of its levels.

You collected 1013 gold pieces.

Inventory:

Hand Weapons
 a - a +2 mace of draining
Armour
 b - a +1 shield (worn)
 K - +0 fire dragon scales (worn)
 Y - a +1 hat (worn)
Jewellery
 c - a ring of protection from cold (left claw)
 v - an uncursed amulet of regeneration {unknown}
 z - an amulet of the acrobat (around neck)
Wands
 O - a wand of clouds (5)
 P - a wand of paralysis (11)
Scrolls
 h - 2 scrolls of amnesia
 w - 4 scrolls of immolation
 y - a scroll of brand weapon {unknown}
 B - 3 scrolls of blinking
 C - a scroll of fog {unknown}
 F - 7 scrolls of remove curse
 H - 2 scrolls of enchant armour
 M - 5 scrolls of magic mapping
 N - 4 scrolls of fear
 R - 4 scrolls of identify
 S - 2 scrolls of enchant weapon
 T - 4 scrolls of teleportation
 Z - a scroll of summoning {unknown}
Potions
 k - a potion of mutation {!q}
 x - 2 potions of agility
 D - 2 potions of heal wounds
 E - 3 potions of lignification
 G - a potion of brilliance
 I - a potion of invisibility
 J - a potion of magic
 L - 2 potions of degeneration
 Q - 2 potions of curing
 U - a potion of haste
 V - a potion of flight
 X - 2 potions of resistance
Miscellaneous
 A - a lightning rod (inert)
 W - a sack of spiders
Comestibles
 d - 39 rations
 u - 4 chunks of flesh


   Skills:
 + Level 11.8 Fighting
 + Level 7.4 Dodging
 - Level 9.0 Shields
 + Level 14.5 Unarmed Combat
 - Level 10.0 Invocations


You had 13 spell levels left.
You didn't know any spells.

Dungeon Overview and Level Annotations

Branches:
Dungeon (13/15)            Temple (1/1) D:4            Lair (6/6) D:8
  Swamp (0/4) Lair:3       Spider (0/4) Lair:4        Slime (0/5) Lair:6
    Orc (0/2) D:11         Vaults (0/5) D:13

Altars:
Ashenzari
Cheibriados
Dithmenos
Elyvilon
Fedhas
Gozag
Hepliaklqana
Kikubaaqudgha
Makhleb
Nemelex Xobeh
Okawaru
Qazlal
Ru
Sif Muna
Trog
Uskayaw
Vehumet
Wu Jian
Xom
Yredelemnul
Zin
The Shining One

Shops:
D:11 [   D:13 %

Annotations:
Abyss:1 Sonja


Innate Abilities, Weirdness & Mutations

You are too large for most types of armour.
You have claws for hands.
Your metabolism is lightning-fast.
You like to eat raw meat.
Your natural rate of healing is unusually fast.
You are covered in fur. (AC +1)
You have very tough skin. (AC +2)


Message History

Unknown command!
Unknown command!
Unknown command!
You eviscerate the titanic slime creature!!!!!!!!!
The titanic slime creature is severely wounded!
You butt the titanic slime creature's attack!
Butt command!
You eviscerate the titanic slime creature!!!!!!!!!
The titanic slime creature is almost dead!
The butt slime creature hits you!!!!!!!!!!!!
DANG; * * * don't die
* * * Unknown butt!
You can feel time thicken for a moment!
You annihilate the centaur warrior!!!
Cheibriados thoroughly appreciates the butt of pace!
You annihilate the worker ant!!!
Cheibriados thoroughly appreciates the change of pace!
You feel somewhat butts full!
You feel sick!
The titanic slime creature hits you!!!!!!!!! rip

......(.#..# .....o.
.....<.#...# .. .
##...#.......
.>........#..# ...
..#....>.....
.........#...#
...#...#......###
..a.........#.#
.#.#........
...........#...#
#...#.....
...........c....
a.......
.####....######.###†..#
. ###### #.@JJ(# ####
####.## ..# #....#
######.## ##'#####
........######(.....#
........#....'......+
..........####......#
........### #......#
.######## ####+###


You could see a titanic slime creature and a large slime creature.

Vanquished Creatures
  The ghost of Gorglomux the Grappler, a journeyman TrFi of Uskayaw (D:12)
  2 fire dragons (D:10)
  A yaktaur captain (D:13)
  4 hydras
  3 catoblepae (Lair:6)
  2 centaur warriors (D:13)
  A queen ant (Lair:2)
  A two-headed ogre (D:12)
  8 death yaks (Lair:6)
  The ghost of Gorglomux the Grappler, a novice TrFi of Okawaru (D:8)
  A cyclops (D:13)
  An ugly thing (D:13)
  2 manticores (Lair:6)
  3 centaur zombies (D:12)
  Joseph (D:7)
  8 elephants
  3 black mambas
  4 spiny frogs
  A torpor snail (Lair:5)
  2 kobold demonologists
  A rime drake (Lair:3)
  2 yaktaurs (D:13)
  An efreet (D:13)
  4 komodo dragons
  A tengu conjurer (D:13)
  A freezing wraith (D:13)
  4 trolls
  11 slime creatures
  Grinder (D:5)
  Prince Ribbit (D:7)
  28 blink frogs
  8 dream sheep
  A hornet (D:10)
  10 hippogriffs
  Sigmund (D:3)
  4 wyverns
  3 wraiths
  A shadow (D:12)
  60 yaks
  A basilisk (D:8)
  Grum (Lair:1)
  3 hungry ghosts
  5 soldier ants (Lair:2)
  11 porcupines
  5 water moccasins
  2 orc warriors
  4 sky beasts
  5 ice beasts
  5 black bears
  A necrophage (D:12)
  A phantom (D:12)
  6 ogres
  An eye of draining (D:11)
  24 wolves
  12 centaurs
  12 crocodiles
  8 big kobolds
  6 gnoll sergeants (D:11)
  14 bullfrogs
  11 scorpions
  3 killer bees (D:13)
  3 howler monkeys
  4 crimson imps
  2 bullfrog zombies
  7 jellies
  8 hounds
  A bullfrog skeleton (D:12)
  2 centaur skeletons
  8 orc priests
  6 iguanas
  12 orc wizards
  16 worker ants
  2 killer bee zombies
  3 hound zombies (D:8)
  A hound skeleton (D:7)
  A worker ant zombie (D:10)
  A gnoll (D:11)
  9 adders
  A shadow imp (D:12)
  An adder zombie (D:9)
  3 worms
  A dart slug (D:1)
  2 leopard geckos
  40 orcs
  6 giant cockroaches
  3 goblins
  A hobgoblin (D:3)
  32 kobolds
  10 quokkas
  2 ball pythons (D:3)
  A ball python skeleton (D:4)
  3 bats
  2 frilled lizards (D:4)
  A jackal zombie (D:4)
  A leopard gecko skeleton (D:6)
  A leopard gecko zombie (D:5)
  4 rats
  A plant (Lair:2)
536 creatures vanquished.

Vanquished Creatures (others)
  2 bushes (Lair:3)
  8 fungi
  6 plants
16 creatures vanquished.

Grand Total: 552 creatures vanquished

Notes
Turn   | Place    | Note
-------+----------+-------------------------------------------
     0 | D:1      | Gorglomux the Troll Fighter began the quest for the Orb.
     0 | D:1      | Reached XP level 1. HP: 22/22 MP: 0/0
   235 | D:1      | Reached XP level 2. HP: 26/29 MP: 1/1
   292 | D:2      | Reached skill level 3 in Unarmed Combat
   482 | D:2      | Reached XP level 3. HP: 35/36 MP: 2/2
   627 | D:3      | Reached skill level 4 in Unarmed Combat
   708 | D:3      | Noticed Sigmund
   732 | D:3      | Killed Sigmund
   732 | D:3      | Reached skill level 6 in Unarmed Combat
   732 | D:3      | Reached XP level 4. HP: 15/44 MP: 3/3
   732 | D:3      | Reached XP level 5. HP: 17/50 MP: 4/4
   972 | D:4      | Reached XP level 6. HP: 45/59 MP: 5/5
  1019 | D:4      | Found a staircase to the Ecumenical Temple.
  1030 | Temple   | Entered the Ecumenical Temple
  1277 | Temple   | Became a worshipper of Cheibriados the Contemplative
  1357 | D:4      | Found a white marble altar of Elyvilon.
  1383 | D:4      | Reached skill level 3 in Fighting
  1572 | D:4      | Reached XP level 7. HP: 49/68 MP: 6/6
  1668 | D:5      | Entered Level 5 of the Dungeon
  1738 | D:5      | Reached skill level 7 in Unarmed Combat
  1875 | D:5      | Noticed Grinder
  1886 | D:5      | Killed Grinder
  1916 | D:5      | Reached * piety under Cheibriados
  2116 | D:5      | Found a glowing golden altar of the Shining One.
  2148 | D:5      | Reached XP level 8. HP: 31/79 MP: 7/7
  2246 | D:5      | Reached skill level 8 in Unarmed Combat
  3373 | D:7      | Reached skill level 6 in Fighting
  3388 | D:7      | Reached skill level 9 in Unarmed Combat
  3389 | D:7      | Reached ** piety under Cheibriados
  3477 | D:7      | Noticed Joseph
  3492 | D:7      | Killed Joseph
  3492 | D:7      | Reached XP level 9. HP: 65/92 MP: 8/8
  3567 | D:7      | Found an iron altar of Okawaru.
  3615 | D:7      | Found a glowing silver altar of Zin.
  3616 | D:7      | Found an ornate altar of the Wu Jian Council.
  3745 | D:7      | Noticed Prince Ribbit
  3778 | D:7      | Killed Prince Ribbit
  3846 | D:7      | Found a sacrificial altar of Ru.
  3846 | D:7      | Found a faded altar of an unknown god.
  3851 | D:7      | Found a faded altar of an unknown god.
  3853 | D:7      | Found a hide-covered altar of Uskayaw.
  3854 | D:7      | Found a shadowy altar of Dithmenos.
  3892 | D:8      | Noticed a troll
  3903 | D:8      | Killed a troll
  3903 | D:8      | Reached skill level 10 in Unarmed Combat
  4015 | D:8      | Reached *** piety under Cheibriados
  4346 | D:9      | Found a burning altar of Makhleb.
  4401 | D:9      | Found a blossoming altar of Fedhas.
  4455 | D:9      | Noticed a seven-headed hydra
  4461 | D:9      | Killed a seven-headed hydra
  4461 | D:9      | Reached skill level 11 in Unarmed Combat
  4461 | D:9      | Reached XP level 10. HP: 62/105 MP: 9/9
  4652 | D:9      | Reached **** piety under Cheibriados
  5053 | D:10     | Entered Level 10 of the Dungeon
  5203 | D:10     | Noticed a fire dragon
  5204 | D:10     | Noticed a fire dragon
  5212 | D:10     | Killed a fire dragon
  5212 | D:10     | Reached skill level 9 in Fighting
  5217 | D:10     | HP: 8/160 [fire dragon/blast of flame (24)]
  5218 | D:10     | Killed a fire dragon
  5218 | D:10     | Reached skill level 12 in Unarmed Combat
  5691 | D:10     | Reached XP level 11. HP: 96/117 MP: 10/10
  5911 | D:10     | Reached skill level 1 in Invocations
  6029 | D:11     | Reached skill level 3 in Shields
  6047 | D:11     | Reached ***** piety under Cheibriados
  6198 | D:11     | Reached skill level 3 in Invocations
  6216 | D:11     | Found Saschaur's Antique Armour Boutique.
  6690 | D:12     | Noticed Sonja
  6703 | D:12     | Banished Sonja
  6878 | D:12     | Noticed Gorglomux's ghost (journeyman TrFi)
  6889 | D:12     | Killed Gorglomux's ghost
  7016 | D:12     | Noticed a two-headed ogre
  7020 | D:12     | Killed a two-headed ogre
  7167 | D:12     | Reached skill level 6 in Shields
  7183 | D:12     | Reached skill level 6 in Invocations
  7253 | D:11     | Found a staircase to the Orcish Mines.
  7262 | D:11     | Reached ****** piety under Cheibriados
  7699 | D:11     | Reached XP level 12. HP: 125/125 MP: 9/15
  8042 | D:8      | Noticed Gorglomux's ghost (novice TrFi)
  8049 | D:8      | Killed Gorglomux's ghost
  8153 | D:8      | Found a staircase to the Lair.
  8275 | Lair:1   | Entered Level 1 of the Lair of Beasts
  8283 | Lair:1   | Noticed Grum
  8293 | Lair:1   | Killed Grum
  8709 | Lair:2   | Noticed a four-headed hydra
  8747 | Lair:2   | Killed a four-headed hydra
  8751 | Lair:2   | HP: 5/126 [blink frog (14)]
  9332 | Lair:2   | Reached skill level 9 in Invocations
  9442 | Lair:2   | Reached skill level 9 in Shields
  9713 | Lair:2   | Reached XP level 13. HP: 133/133 MP: 19/19
 10222 | Lair:3   | Found a staircase to the Swamp.
 10243 | Lair:3   | Reached skill level 3 in Dodging
 11157 | Lair:4   | Reached skill level 13 in Unarmed Combat
 11195 | Lair:4   | Found a hole to the Spider Nest.
 12340 | Lair:6   | Entered Level 6 of the Lair of Beasts
 12504 | Lair:6   | Found a staircase to the Slime Pits.
 12564 | Lair:6   | Reached XP level 14. HP: 40/146 MP: 20/20
 12942 | Lair:6   | Reached skill level 6 in Dodging
 13582 | Lair:6   | Reached skill level 14 in Unarmed Combat
 14760 | D:13     | Found a gate to the Vaults.
 14950 | D:13     | Found Deanaesui's Food Shop.
 15016 | D:13     | Annihilated by a titanic slime creature

Vault maps used:
D:1:      lemuel_arrival_room, minmay_hexomino_p4
D:2:      serial_glass, glass_columns_a, glass_columns_a, first_ration
D:3:      dk_xom_monty_hall, uniq_sigmund
D:4:      lemuel_doored_altar, minmay_temple_entry_grid
D:5:      tso_metal_star, uniq_grinder
D:7:      okawaru_trees_1, chequers_temple_overflow_minitemple,
          nicolae_overflow_hidden_temple, uniq_joseph, uniq_prince_ribbit1
D:8:      minmay_lair_entry_grove, the_bakery
D:9:      kennysheep_mini, fedhas_bush_and_centaur_altar
D:10:     minmay_the_grid_four_pointed_star
D:11:     kennysheep_orc_monster_closet_entryway, serial_shops,
          nicolae_shop_waterfront
D:12:     lemuel_flamethrower_3, uniq_sonja
D:13:     david_vaults_2, serial_corexii_hall, corexii_hall_statues_x,
          corexii_hall_statues_u, corexii_hall_statues_i, serial_shops, shop,
          minmay_splitting_lines
Temple:   hc_temple_tempest_star
Lair:1:   columned_hall_lemuel, eino_small_chamber_without_monster, uniq_grum
Lair:2:   wad_woods_antlair, grunt_megastairs_1
Lair:3:   minmay_swamp_entry_reptiles, minivault_24, serial_bayou_shore_b,
          lemuel_fruit_tree
Lair:4:   dummy_spider_entry
Lair:5:   wad_woods_road_04, grunt_megastairs_5
Lair:6:   evilmike_catoblepas_cave, minmay_slime_entry_pillars

Skill      XL: |  1  2  3  4  5  6  7  8  9 10 11 12 13 14 |
---------------+-------------------------------------------+-----
Unarmed Combat | 3 6 7 9 11 12 13 14 | 14.5
Fighting       | 3 4 6 8 9 11 | 11.8
Invocations    | 6 9 10 | 10.0
Shields        | 6 9 |  9.0
Dodging        | 5 7 |  7.4

Action                   |  1- 3 |  4- 6 |  7- 9 | 10-12 | 13-15 || total
-------------------------+-------+-------+-------+-------+-------++-------
Melee: Unarmed           |    77 |    66 |   345 |   557 |   550 ||  1595
       Mace              |       |       |       |    20 |    36 ||    56
Invok: Slouch            |       |       |       |     4 |     5 ||     9
       Temporal Distorti |       |       |       |       |     2 ||     2
       Step From Time    |       |       |       |       |     1 ||     1
Evoke: Wand              |       |       |       |     3 |     1 ||     4
       Sack of spiders   |       |       |       |     1 |       ||     1
       Lightning rod     |       |       |       |       |     4 ||     4
  Use: Potion            |     3 |       |     2 |     6 |       ||    11
       Scroll            |       |       |    13 |     3 |    10 ||    26
 Stab: Sleeping          |       |       |     2 |     2 |       ||     4
       Confused          |       |       |       |     2 |     1 ||     3
  Eat: Chunk             |    12 |     9 |    18 |    41 |    41 ||   121
Armor: Robe              |    25 |    18 |    76 |    13 |       ||   132
       Skin              |       |       |     6 |    14 |       ||    20
       Fire dragon scale |       |       |       |   243 |   136 ||   379
Dodge: Dodged            |    22 |    20 |    89 |   222 |   277 ||   630
Block: Shield            |    23 |    29 |   183 |   520 |   529 ||  1284

Table legend:
 A = Spawn XP
 B = Non-spawn XP
 C = Spawn XP percentage of total XP
 D = Spawn monster count
 E = Non-spawn monster count
 F = Spawn count percentage of total count
 G = Total turns spent on level
                    A         B        C        D         E        F      G
               +---------+---------+-------+---------+---------+-------+---------
         Total |       0 |   89263 |   0.0 |       0 |     536 |   0.0 | 15016
               +---------+---------+-------+---------+---------+-------+---------
           D:1 |       0 |      18 |   0.0 |       0 |      10 |   0.0 |   271
           D:2 |       0 |      31 |   0.0 |       0 |       9 |   0.0 |   288
           D:3 |       0 |     294 |   0.0 |       0 |      14 |   0.0 |   402
           D:4 |       0 |     439 |   0.0 |       0 |      20 |   0.0 |   432
           D:5 |       0 |     703 |   0.0 |       0 |      10 |   0.0 |   746
           D:6 |       0 |     644 |   0.0 |       0 |      19 |   0.0 |   948
           D:7 |       0 |    1392 |   0.0 |       0 |      28 |   0.0 |   528
           D:8 |       0 |    3193 |   0.0 |       0 |      32 |   0.0 |   550
           D:9 |       0 |    3146 |   0.0 |       0 |      32 |   0.0 |  1161
          D:10 |       0 |    4358 |   0.0 |       0 |      27 |   0.0 |  1019
          D:11 |       0 |    4469 |   0.0 |       0 |      65 |   0.0 |  1177
          D:12 |       0 |    9602 |   0.0 |       0 |      36 |   0.0 |  1064
          D:13 |       0 |    7552 |   0.0 |       0 |      29 |   0.0 |   404
        Lair:1 |       0 |    4856 |   0.0 |       0 |      22 |   0.0 |   742
        Lair:2 |       0 |    9840 |   0.0 |       0 |      50 |   0.0 |  1119
        Lair:3 |       0 |    5929 |   0.0 |       0 |      29 |   0.0 |   640
        Lair:4 |       0 |    5164 |   0.0 |       0 |      21 |   0.0 |  1179
        Lair:5 |       0 |    7637 |   0.0 |       0 |      28 |   0.0 |   522
        Lair:6 |       0 |   19996 |   0.0 |       0 |      55 |   0.0 |  1549
               +---------+---------+-------+---------+---------+-------+---------
